 Dungeon Crawl Stone Soup version 0.28.0-47-ge53b351184 (webtiles) character file.

Game seed: 4196629456351803430

25579 Exodus22XD the Eclecticist (level 12, 0/59 HPs)
             Began as a Deep Elf Conjurer on May 2, 2022.
             Was an Elder of Vehumet.
             Slain by a cane toad (13 damage)
             ... on level 3 of the Lair of Beasts.
             The game lasted 01:35:56 (20400 turns).

Exodus22XD the Eclecticist (Deep Elf Conjurer)     Turns: 20400, Time: 01:36:02

Health: 0/59       AC:  5    Str:  4    XL:     12   Next: 90%
Magic:  21/33      EV: 16    Int: 29    God:    Vehumet [****..]
Gold:   575        SH:  0    Dex: 13    Spells: 24/41 levels left

rFire   + . .      SeeInvis +   h - +2 dagger (freeze)
rCold   + + .      Faith    .   (no shield)
rNeg    . . .      Spirit   .   Q - +0 robe {Archmagi}
rPois   +          Reflect  .   F - +0 helmet {SInv}
rElec   .          Harm     .   p - scarf {rC+ rF+}
rCorr   .          Rampage  .   N - +0 pair of gloves
Will    +....      Archmagi +   M - +0 pair of boots
Stlth   ++........              L - amulet of the acrobat
HPRegen 0.19/turn               s - ring of protection from cold
MPRegen 0.23/turn               H - ring of poison resistance

@: no status effects
A: no striking features
a: Renounce Religion


You were on level 3 of the Lair of Beasts.
You worshipped Vehumet.
Vehumet was greatly pleased with you.
You visited 3 branches of the dungeon, and saw 15 of its levels.
You also visited: Sewer.

You collected 724 gold pieces.
You spent 149 gold pieces at shops.

Inventory:

Hand Weapons
 h - a +2 dagger of freezing (weapon)
Missiles
 j - a throwing net
Armour
 a - a +1 robe of cold resistance
 p - a scarf of resistance (worn)
 F - a +0 helmet of see invisible (worn)
 M - a +0 pair of boots (worn)
 N - a +0 pair of gloves (worn)
 Q - a +0 robe of the Archmagi (worn)
Jewellery
 i - a ring of willpower
 m - an amulet of guardian spirit
 s - a ring of protection from cold (left hand)
 H - a ring of poison resistance (right hand)
 L - an amulet of the acrobat (around neck)
 R - a ring of ice
Wands
 n - a wand of digging (15)
 y - a wand of flame (42)
 A - a wand of acid (11)
 I - a wand of paralysis (13)
 K - a wand of iceblast (7)
Scrolls
 c - a scroll of brand weapon
 g - 3 scrolls of amnesia
 l - 2 scrolls of silence {unknown}
 o - 4 scrolls of noise {unknown}
 q - a scroll of summoning
 r - 4 scrolls of blinking {unknown}
 w - a scroll of teleportation
 B - 2 scrolls of enchant weapon {unknown}
 D - 2 scrolls of magic mapping
 P - a scroll of enchant armour {unknown}
 S - a scroll of holy word {unknown}
 T - 3 scrolls of identify
Potions
 b - 3 potions of ambrosia
 d - 2 potions of degeneration {unknown}
 e - 3 potions of might {unknown}
 f - 5 potions of lignification {unknown}
 k - 6 potions of curing
 t - 3 potions of flight
 u - 2 potions of berserk rage {unknown}
 v - 3 potions of mutation {unknown}
 x - a potion of cancellation {unknown}
 z - a potion of heal wounds
 C - a potion of attraction {unknown}
 G - a potion of magic {unknown}
 J - 3 potions of resistance {unknown}
 O - 2 potions of haste {unknown}
Miscellaneous
 E - a phial of floods


   Skills:
 - Level 10.2 Dodging
 - Level 2.4 Stealth
 - Level 15.0 Spellcasting
 - Level 13.0 Conjurations
 - Level 10.0 Fire Magic
 + Level 9.0 Air Magic


You had 24 spell levels left.
You knew the following spells:

 Your Spells              Type           Power      Damage    Failure   Level
a - Magic Dart            Conj           100%       1d8       0%          1
b - Searing Ray           Conj           100%       2d8       0%          2
c - Mephitic Cloud        Conj/Pois/Air  77%        N/A       1%          3
d - Ignite Poison         Fire/Tmut/Pois 58%        N/A       1%          3
e - Inner Flame           Hex/Fire       67%        N/A       1%          3
f - Lightning Bolt        Conj/Air       45%        1d65      1%          5

Your spell library contained the following spells:

 Spells                   Type           Power      Damage    Failure   Level
 Static Discharge         Conj/Air       91%        N/A       1%          2
 Dazzling Flash           Conj/Hex       100%       N/A       1%          3
 Frozen Ramparts          Ice            64%        1d8       1%          3
 Airstrike                Air            42%        N/A       1%          4
 Fulminant Prism          Conj/Hex       36%        3d18      1%          4
 Iskenderun's Mystic Bla  Conj/Tloc      73%        2d15      1%          4
 Freezing Cloud           Conj/Ice/Air   38%        6-21      1%          5
 Beastly Appendage        Tmut           64%        N/A       2%          1
 Summon Small Mammal      Summ           100%       N/A       2%          1
 Call Imp                 Summ           32%        N/A       3%          2
 Wereblood                Tmut           32%        N/A       3%          2
 Summon Lightning Spire   Summ/Air       64%        N/A       3%          4
 Call Canine Familiar     Summ           32%        N/A       7%          3
 Gell's Gravitas          Tloc           32%        N/A       7%          3
 Lesser Beckoning         Tloc           32%        N/A       7%          3
 Ozocubu's Armour         Ice            32%        N/A       7%          3
 Spider Form              Tmut/Pois      32%        N/A       7%          3
 Summon Guardian Golem    Hex/Summ       32%        N/A       7%          3
 Teleport Other           Tloc           32%        N/A       7%          3
 Tukima's Dance           Hex            32%        N/A       7%          3
 Yara's Violent Unravell  Hex/Tmut       16%        3d8       16%         5
 Ice Form                 Ice/Tmut       32%        N/A       22%         4
 Passage of Golubria      Tloc           32%        N/A       22%         4
 Summon Ice Beast         Ice/Summ       32%        N/A       22%         4
 Maxwell's Capacitive Co  Air            42%        ∞         63%         8
 Ozocubu's Refrigeration  Ice            16%        4d8       98%         7


Dungeon Overview and Level Annotations

Branches:
Dungeon (11/15)            Temple (1/1) D:4            Lair (3/6) D:11
    Orc (0/2) D:10          Sewer (visited)
  Swamp: Lair:2-4    Shoals: Lair:2-4     Snake: Lair:2-4    Spider: Lair:2-4

Altars:
Ashenzari
Cheibriados
Elyvilon
Hepliaklqana
Kikubaaqudgha
Makhleb
Nemelex Xobeh
Okawaru
Ru
Trog
Uskayaw
Vehumet
Wu Jian
Xom
Zin
The Shining One

Shops:
D:6 [   D:9 :

Annotations:
D:3 1 runed translucent door, Crazy Yiuf, Terence
D:11 Snorg
Lair:3 Nergalle


Message History

The searing ray hits the cane toad.
The cane toad is moderately wounded.
The searing ray hits the cane toad!
The cane toad is moderately wounded.
The cane toad misses you.
The searing ray hits the cane toad.
The cane toad is heavily wounded.
You finish channelling your searing ray.
The cane toad completely misses you.
Casting: Searing Ray (safe; 0% risk of failure)
Confirm with . or Enter, or press ? or * to list all spells.
Aiming: Searing Ray (safe; 0% risk of failure)
Press: ? - help, Shift-Dir - straight line, f/p - cane toad
Aim: a cane toad (heavily wounded, 85% to hit)
You feel a surge of power!
The searing ray hits the cane toad.
The cane toad is heavily wounded. (Press . to maintain the ray.)
The cane toad stings you!!
The searing ray hits the cane toad but does no damage.
The cane toad is heavily wounded.
The cane toad completely misses you.
The searing ray hits the cane toad but does no damage.
The cane toad is heavily wounded.
The cane toad stings you!
The searing ray hits the cane toad.
The cane toad is severely wounded.
You finish channelling your searing ray.
The cane toad stings you!
* * * LOW HITPOINT WARNING * * *
The cane toad completely misses you.
Casting: Searing Ray (safe; 0% risk of failure)
Confirm with . or Enter, or press ? or * to list all spells.
Aiming: Searing Ray (safe; 0% risk of failure)
Press: ? - help, Shift-Dir - straight line, f/p - cane toad
Aim: a cane toad (severely wounded, 85% to hit)
You feel a surge of power!
The searing ray hits the cane toad.
The cane toad is severely wounded. (Press . to maintain the ray.)
The cane toad stings you!
You die...

#... ..)
#.. ###..
####...#
#......#
#.....F##
##?....@.#
........##
...#....P#
....#...P#
P.. #....#
#. #..!##
# .#..#
......
.....#.


You could see a cane toad.

Vanquished Creatures
  A hydra (Lair:1)
  Fannar (Lair:2)
  4 two-headed ogres
  8 death yaks
  Pikel (D:8)
  3 elephants
  A black mamba (Lair:1)
  Maurice (D:9)
  A torpor snail (Lair:2)
  6 cane toads
  A rime drake (Lair:2)
  A komodo dragon (Lair:2)
  2 trolls
  Prince Ribbit (D:8)
  4 blink frogs (Lair:1)
  A meliai zombie (D:10)
  Sigmund (D:4)
  A shadow (D:10)
  2 wyverns
  2 wraiths
  20 yaks
  A basilisk (D:11)
  10 water moccasins
  2 orc warriors
  4 necrophages
  An ice beast (D:5)
  An ogre (D:5)
  2 centaurs
  12 wolves
  3 lemures (D:8)
  A phantom (D:5)
  10 bullfrogs
  A kobold brigand (Sewer)
  3 scorpions
  A water moccasin skeleton (D:5)
  13 killer bees
  23 wights
  A howler monkey (D:10)
  4 electric eels
  3 centaur zombies
  2 hounds (D:6)
  A jelly (D:6)
  A bullfrog skeleton (D:7)
  4 orc priests
  Natasha (thrice) (D:3)
  3 iguanas
  7 orc wizards
  6 hell rats (Lair:2)
  2 hound skeletons
  A howler monkey zombie (D:9)
  10 gnolls
  A howler monkey skeleton (D:7)
  6 adders
  3 river rats
  2 dart slugs
  29 orcs
  5 endoplasms
  7 giant cockroaches
  7 goblins
  5 hobgoblins
  8 jackals
  9 kobolds
  3 quokkas
  15 ball pythons
  4 bats
  A frilled lizard (D:1)
  7 rats
311 creatures vanquished.

Vanquished Creatures (others)
  A troll (D:10)
  6 fungi
  78 plants
85 creatures vanquished.

Grand Total: 396 creatures vanquished

Notes
Turn   | Place    | Note
-------+----------+-------------------------------------------
     0 | D:1      | Exodus22XD the Deep Elf Conjurer began the quest for the
                  | Orb.
     0 | D:1      | Reached XP level 1. HP: 10/10 MP: 6/6
   349 | D:1      | Reached skill level 4 in Spellcasting
   349 | D:1      | Reached XP level 2. HP: 15/15 MP: 7/9
  1109 | D:2      | Reached XP level 3. HP: 19/19 MP: 3/11
  1173 | D:1      | Learned a level 2 spell: Searing Ray
  1227 | D:2      | Reached skill level 5 in Spellcasting
  1230 | D:2      | Reached skill level 6 in Spellcasting
  1230 | D:2      | Reached XP level 4. HP: 24/24 MP: 2/14
  1400 | D:2      | Learned a level 3 spell: Mephitic Cloud
  1518 | D:2      | Learned a level 3 spell: Ignite Poison
  2212 | D:2      | Reached skill level 7 in Spellcasting
  2423 | D:3      | Reached XP level 5. HP: 28/28 MP: 12/16
  3073 | D:3      | Noticed Natasha
  3078 | D:3      | Killed Natasha
  3079 | D:3      | Reached skill level 8 in Spellcasting
  3157 | D:3      | Found a runed translucent door.
  3157 | D:3      | Noticed Terence
  3157 | D:3      | Noticed Crazy Yiuf
  3201 | D:3      | Noticed Natasha
  3205 | D:3      | Killed Natasha
  3224 | D:3      | Noticed Natasha
  3228 | D:3      | Killed Natasha
  3229 | D:3      | Reached XP level 6. HP: 32/32 MP: 12/19
  3253 | D:4      | Found a staircase to the Ecumenical Temple.
  3265 | D:4      | Reached skill level 5 in Conjurations
  3268 | Temple   | Entered the Ecumenical Temple
  3276 | Temple   | Became a worshipper of Vehumet
  3389 | D:4      | Found a hide-covered altar of Uskayaw.
  3469 | D:4      | Found a glowing drain.
  3473 | Sewer    | Entered a sewer
  3745 | Sewer    | Found a white marble altar of Elyvilon.
  3883 | D:4      | Found a burning altar of Makhleb.
  4043 | D:4      | Noticed Sigmund
  4049 | D:4      | Killed Sigmund
  4050 | D:4      | Reached XP level 7. HP: 32/36 MP: 10/20
  4134 | D:4      | Reached skill level 1 in Fire Magic
  4140 | D:4      | Reached * piety under Vehumet
  4140 | D:4      | Offered knowledge of Sandblast by Vehumet.
  4441 | D:4      | Found a sacrificial altar of Ru.
  4519 | D:5      | Entered Level 5 of the Dungeon
  4654 | D:5      | Reached XP level 8. HP: 41/41 MP: 15/22
  4708 | D:5      | Reached skill level 5 in Fire Magic
  5128 | D:5      | Reached skill level 9 in Spellcasting
  5407 | D:5      | Reached skill level 10 in Spellcasting
  5968 | D:6      | Found a bloodstained altar of Trog.
  6033 | D:6      | Found Votam's Armour Shoppe.
  6284 | D:6      | Reached XP level 9. HP: 45/45 MP: 19/25
  6541 | D:6      | Bought a +0 helmet of see invisible for 149 gold pieces
  6925 | D:7      | Reached skill level 5 in Dodging
  7222 | D:7      | Found a broken altar of Ashenzari.
  7412 | D:7      | Reached ** piety under Vehumet
  7412 | D:7      | Offered knowledge of Scorch by Vehumet.
  7593 | D:7      | Found a glowing golden altar of the Shining One.
  7899 | D:7      | Found a sparkling altar of Nemelex Xobeh.
  8559 | D:8      | Noticed Pikel
  8698 | D:8      | Killed Pikel
  8699 | D:8      | Reached skill level 10 in Dodging
  8826 | D:8      | Found an ornate altar of the Wu Jian Council.
  8917 | D:8      | Noticed Prince Ribbit
  8933 | D:8      | Killed Prince Ribbit
  9340 | D:9      | Reached XP level 10. HP: 48/48 MP: 20/26
  9440 | D:9      | Noticed Maurice
  9477 | D:9      | Killed Maurice
  9947 | D:9      | Found Xolur's Book Shoppe.
  9961 | D:9      | Noticed a two-headed ogre
  9974 | D:9      | Killed a two-headed ogre
  9975 | D:9      | Reached skill level 11 in Spellcasting
 10174 | D:9      | Reached skill level 12 in Spellcasting
 10537 | D:9      | Reached skill level 10 in Conjurations
 10876 | D:9      | Noticed a gargoyle
 11263 | D:10     | Entered Level 10 of the Dungeon
 11263 | D:10     | Noticed a two-headed ogre
 11498 | D:10     | Killed a two-headed ogre
 11512 | D:10     | Noticed a two-headed ogre
 11522 | D:10     | Killed a two-headed ogre
 11523 | D:10     | Reached XP level 11. HP: 54/54 MP: 1/29
 12008 | D:10     | Found a staircase to the Orcish Mines.
 12161 | D:10     | Noticed a two-headed ogre
 12180 | D:10     | Killed a two-headed ogre
 12739 | D:10     | Reached skill level 10 in Fire Magic
 12965 | D:11     | Noticed Snorg
 12989 | D:11     | Noticed a death yak
 13132 | D:11     | Noticed a boulder beetle
 13174 | D:11     | Noticed a death yak
 13175 | D:11     | Noticed a death yak
 13178 | D:11     | Noticed a death yak
 13179 | D:11     | Noticed a death yak
 13180 | D:11     | Noticed a death yak
 13181 | D:11     | Noticed a death yak
 13219 | D:10     | Killed a death yak
 14153 | D:11     | Reached skill level 13 in Spellcasting
 14277 | D:11     | Noticed a death yak
 14285 | D:11     | Killed a death yak
 14295 | D:11     | Killed a death yak
 14298 | D:11     | Killed a death yak
 14557 | D:11     | Found a staircase to the Lair.
 14749 | D:11     | HP: 1/54 [boulder beetle (28)]
 15196 | D:11     | Killed a death yak
 15684 | D:11     | Killed a death yak
 15699 | D:11     | Killed a death yak
 15699 | D:11     | Offered knowledge of Frozen Ramparts by Vehumet.
 15700 | D:11     | Reached skill level 14 in Spellcasting
 15797 | D:11     | Killed a death yak
 15952 | Lair:1   | Entered Level 1 of the Lair of Beasts
 16014 | Lair:1   | Noticed a seven-headed hydra
 16027 | Lair:1   | Killed a seven-headed hydra
 16028 | Lair:1   | Reached skill level 15 in Spellcasting
 16028 | Lair:1   | Reached XP level 12. HP: 57/59 MP: 18/33
 16256 | Lair:1   | Reached *** piety under Vehumet
 16684 | Lair:1   | Learned a level 5 spell: Lightning Bolt
 16736 | Lair:1   | Reached skill level 1 in Air Magic
 16928 | Lair:1   | Offered knowledge of Inner Flame by Vehumet.
 16933 | Lair:1   | Learned a level 3 spell: Inner Flame
 17224 | Lair:2   | Identified the +2 leather armour "Gaulef" {Will++}
 17865 | Lair:2   | Reached skill level 5 in Air Magic
 17896 | Lair:2   | Noticed Fannar
 17902 | Lair:2   | Killed Fannar
 19011 | Lair:2   | HP: 2/59 [poisoned by a cane toad]
 19310 | Lair:2   | Reached **** piety under Vehumet
 19918 | Lair:3   | Noticed Nergalle
 20400 | Lair:3   | Slain by a cane toad

Illustrated notes

Levels and vault maps discovered:
D:1:      dpeg_arrival_yet_another_circle, layout_basic
D:2:      layout_loops_ring, st_stairs_8
D:3:      layout_basic, minmay_shallow_snake_nest, uniq_crazy_yiuf_cottage,
          uniq_terence, uniq_natasha
D:4:      layout_basic, kennysheep_little_box,
          mainiacjoe_overflow_concentric_impassable,
          mainiacjoe_overflow_catwalk, minmay_temple_entry_junction_2,
          gup_sewer_entry_spiral, uniq_sigmund
D:5:      layout_basic
D:6:      layout_loops_ring, overflow_temple_1_default, kennysheep_windowed_goal
D:7:      layout_loops_ring, lemuel_tele_altar, nicolae_ashenzari_skybound,
          kennysheep_mini_moat
D:8:      layout_rooms, nicolae_wu_jian_wuxing_cycle, uniq_pikel,
          uniq_prince_ribbit1
D:9:      layout_irregular_city, serial_bayou, serial_bayou_lagoon_a,
          serial_bayou_crossing, serial_bayou_pond_b, serial_bayou_pond_d,
          serial_shops, nicolae_shop_trees, uniq_maurice
D:10:     hellmonk_ruined_rings, layout_loops_ring, hiddenorc1_lemuel
D:11:     layout_irregular_city, dpeg_lair_monsters, uniq_snorg
Temple:   eino_temple_lava
Lair:1:   layout_cave_pods
Lair:2:   layout_loops_ring, serial_bayou, serial_bayou_shore_b,
          serial_bayou_pond_d, serial_bayou_shore_b, serial_bayou_lagoon_b,
          serial_bayou_pond_d, uniq_fannar
Lair:3:   layout_misc_corridors, forest_entry_grove, lemuel_fruit_tree,
          infiniplex_staircase_pool, uniq_nergalle

Skill      XL: |  1  2  3  4  5  6  7  8  9 10 11 12 |
---------------+-------------------------------------+-----
Spellcasting   | 4 6 7 8 10 12 15 | 15.0
Conjurations   | 7 8 10 12 13 | 13.0
Fire Magic     | 4 6 9 10 | 10.0
Dodging        | 4 10 | 10.2
Air Magic      | 9 |  9.0
Stealth        | |  2.4

Action                   |  1- 3 |  4- 6 |  7- 9 | 10-12 || total
-------------------------+-------+-------+-------+-------++-------
Melee: Dagger            |       |     4 |       |     1 ||     5
 Cast: Magic Dart        |    44 |   128 |   132 |   145 ||   449
       Searing Ray       |     2 |    13 |    59 |   150 ||   224
       Mephitic Cloud    |       |     3 |    10 |    84 ||    97
       Ignite Poison     |       |       |       |    27 ||    27
       Lightning Bolt    |       |       |       |     5 ||     5
       Inner Flame       |       |       |       |     4 ||     4
Evoke: Wand              |       |       |     5 |    13 ||    18
  Use: Scroll            |       |       |     6 |     5 ||    11
       Potion            |       |       |     2 |     2 ||     4
Armor: Robe              |       |     2 |     2 |    49 ||    53
Dodge: Dodged            |       |     7 |    43 |   314 ||   364
